 Dungeon Crawl Stone Soup version 0.27.1-33-g824d729ab1 (webtiles) character file.

Game seed: 15896700347052651865

233 zeram the Covered (level 6, 0/39 HPs)
             Began as a Gargoyle Fighter on Dec 28, 2021.
             Slain by a black bear (6 damage)
             ... on level 3 of the Dungeon.
             The game lasted 00:05:39 (3476 turns).

zeram the Covered (Gargoyle Fighter)                Turns: 3476, Time: 00:05:40

Health: 0/39       AC: 11    Str: 20 (22) XL:     6   Next: 4%
Magic:  15/15      EV:  8    Int:  6 (8)  God:
Gold:   94         SH: 10    Dex:  6 (9)  Spells: 5/5 levels left

rFire    . . .     SeeInvis .   f - +2 club (spect)
rCold    . . .     Faith    .   c - +1 kite shield
rNeg     + . .     Spirit   .   b - +0 scale mail
rPois    ∞         Reflect  .   (no helmet)
rElec    +         Harm     .   (no cloak)
rCorr    .         Rampage  .   (no gloves)
Will     .....                  (no boots)
Stlth    ..........             (no amulet)
HPRegen  0.13/turn              d - ring of magical power
MPRegen  0.14/turn              (no ring)

@: no status effects
A: sickness immunity, AC +4, negative energy resistance 1, electricity
resistance, torment resistance 1, petrification resistance
a: no special abilities


You were on level 3 of the Dungeon.
You visited 1 branch of the dungeon, and saw 4 of its levels.

You collected 94 gold pieces.

Inventory:

Hand Weapons
 a - a +0 flail
 f - a +2 spectral club (weapon)
Armour
 b - a +0 scale mail (worn)
 c - a +1 kite shield (worn)
 h - a +2 robe of willpower
Jewellery
 d - a ring of magical power (left hand)
Scrolls
 i - a scroll of identify
Potions
 e - a potion of flight


   Skills:
 + Level 4.4 Fighting
 - Level 2.0 Maces & Flails
 + Level 5.0 Armour
 + Level 1.3 Dodging
 + Level 4.8 Shields


You had 5 spell levels left.
You didn't know any spells.
Your spell library contained the following spells:

 Spells                   Type           Power      Damage    Failure   Level
 Animate Dead             Necr           0%         N/A       100%        4
 Haunt                    Necr/Summ      0%         N/A       100%        7
 Infestation              Necr           0%         N/A       100%        8


Dungeon Overview and Level Annotations

Branches:
Dungeon (4/15)
 Temple: D:4-7

Altars:
Okawaru

Shops:
D:2 *


Innate Abilities, Weirdness & Mutations

You are immune to sickness and miasma.
Your stone body is resilient. (AC +4)
You are immune to poison.
You resist negative energy. (rN+)
You are resistant to electric shocks. (rElec)
You are resistant to unholy torment.
You are immune to petrification.


Message History

Your +2 spectral club hits the black bear.
The black bear bites you.
The black bear claws you but does no damage. x2
Unknown command.
You hit the black bear.
The black bear is heavily wounded.
Your +2 spectral club barely misses the black bear.
You block the black bear's attack. x2
The black bear claws you but does no damage.
Unknown command.
You hit the black bear.
The black bear is severely wounded.
Your +2 spectral club hits the black bear.
The black bear goes berserk!
The black bear barely misses you. You block the black bear's attack.
The black bear claws you.
* * * LOW HITPOINT WARNING * * *
Unknown command.
You hit the black bear.
The black bear is almost dead.
Your +2 spectral club closely misses the black bear.
The black bear bites you but does no damage.
You block the black bear's attack.
The black bear claws you but does no damage.
The black bear closely misses you.
The black bear claws you but does no damage.
The black bear claws you.
* * * LOW HITPOINT WARNING * * *
The black bear bites you but does no damage.
The black bear claws you but does no damage. x2
The black bear barely misses you.
The black bear claws you but does no damage.
You block the black bear's attack. You block the black bear's attack.
The black bear claws you.
* * * LOW HITPOINT WARNING * * *
You block the black bear's attack.
Okay, then.
You don't have any unidentified items.
Unknown command.
The black bear bites you.
You die...

#######(..######..#.## #
.....###......##..#.####
####..............#>##.##
########.###...#.#...###
#.....# #.#.........#
#.###.###...#.#...#.# #.#
#......##.##.##.# #.#
###.##.##.##.##.## #.#
#.##@##........###### #.#
#....h............... #.#
#######.#####.####### #.#
#.# #.####### #.# #.#
#........ #.# #.#
#.####### #.###########.#
#........ #.............#
######### ###############


You could see a black bear (berserk).

Vanquished Creatures
  Jessica (D:2)
  An orc wizard (D:3)
  3 adders (D:3)
  8 gnolls
  2 worms
  5 dart slugs
  2 orcs (D:3)
  6 bats
  5 endoplasms
  3 giant cockroaches
  3 hobgoblins (D:1)
  6 jackals
  4 kobolds
  A quokka (D:4)
  5 ball pythons
  2 frilled lizards
  6 goblins
  4 rats
67 creatures vanquished.

Notes
Turn   | Place    | Note
-------+----------+-------------------------------------------
     0 | D:1      | zeram the Gargoyle Fighter began the quest for the Orb.
     0 | D:1      | Reached XP level 1. HP: 14/14 MP: 1/1
    34 | D:1      | Reached XP level 2. HP: 9/19 MP: 2/2
   491 | D:1      | Reached XP level 3. HP: 21/24 MP: 3/3
  1496 | D:2      | Noticed Jessica
  1510 | D:2      | Killed Jessica
  1511 | D:2      | Reached skill level 4 in Armour
  1511 | D:2      | Reached XP level 4. HP: 18/29 MP: 4/4
  1635 | D:2      | Found Cocleuc's Assorted Antiques.
  2170 | D:3      | Reached skill level 1 in Dodging
  2170 | D:3      | Reached XP level 5. HP: 30/33 MP: 5/5
  3183 | D:3      | Found an iron altar of Okawaru.
  3269 | D:4      | Reached XP level 6. HP: 39/39 MP: 6/6
  3272 | D:4      | Reached skill level 5 in Armour
  3281 | D:4      | Noticed a black bear
  3476 | D:3      | Slain by a black bear

Illustrated notes

Levels and vault maps discovered:
D:1:      sevenhm_arrival_forest_fort_small_4, layout_basic
D:2:      layout_loops_cross, serial_shops, shop, uniq_jessica
D:3:      minmay_skewed_foursquare, layout_loops_ring,
          mainiacjoe_overflow_alcove_1, minmay_tree_intersection
D:4:      minmay_clustersquares, layout_basic, nemelex_altar_shiori,
          jmf_multi_god_temple2, uniq_grinder

Skill      XL: |  1  2  3  4  5  6 |
---------------+-------------------+-----
Armour         | 4 5 |  5.0
Shields        | 4 |  4.8
Fighting       | 4 |  4.4
Dodging        | 1 |  1.3
Maces & Flails | |  2.0

Action                   |  1- 3 |  4- 6 || total
-------------------------+-------+-------++-------
Melee: Flail             |    84 |       ||    84
       Club              |       |   122 ||   122
  Use: Scroll            |     5 |     2 ||     7
       Potion            |     1 |     2 ||     3
Armor: Scale mail        |    63 |    90 ||   153
Dodge: Dodged            |    39 |    51 ||    90
Block: Kite shield       |    55 |   103 ||   158
